Map: Automaton LE

Players

TheDeliverer

  • Race: Terran Terran
  • League: Silver
  • Spawn Location: 9:00

Smileblind - Winner!

  • Race: Protoss Protoss
  • League: Silver
  • Spawn Location: 3:00

VOD

Have the link to the VOD?

Description

Time

  • Played on: Jan. 31, 2019, 8:40 p.m.
  • Length: 27:23
Show
View Real Time Build Order
Export as new Build Order

TheDeliverer Terran 

Build Orders:  

Get SALT Encoding   

  12  0:04  SCV  
  13  0:17  SCV  
  14  0:22  Supply Depot  
  14  0:32  Supply Depot  
  14  0:35  SCV  
  15  0:47  SCV  
  16  0:55  Barracks  
  16  1:03  Refinery  
  16  1:08  SCV  
  17  1:28  SCV  
  17  1:29  Refinery x2  
  18  1:38  Engineering Bay  
  18  1:40  SCV  
  19  1:52  SCV  
  20  2:04  SCV  
  21  2:16  SCV  
  21  2:19  Supply Depot  
  22  2:25  Barracks Reactor  
  22  2:33  Supply Depot  
  22  2:44  Missile Turret  
  22  2:55  Missile Turret  
  22  2:56  Missile Turret  
  22  3:03  Missile Turret  
  22  3:07  Missile Turret  
  22  3:13  Orbital Command  
  22  3:42  Marine x2  
  24  4:00  Marine x2  
  24  4:02  Factory  
  26  4:15  SCV  
  27  4:18  Marine x2  
  29  4:27  SCV  
  30  4:36  Marine x2  
  32  4:39  SCV  
  33  4:46  Factory Reactor  
  33  4:51  SCV  
  34  4:59  Starport  
  34  5:05  Supply Depot  
  34  5:17  Marine x2  
  36  5:22  Terran Infantry Weapons Level 1  
  36  5:35  Marine x2  
  37  5:39  Missile Turret  
  38  5:43  Missile Turret  
  38  5:51  Missile Turret  
  38  5:52  Missile Turret  
  38  5:53  Marine x2  
  40  6:06  Widow Mine  
  40  6:07  Widow Mine  
  40  6:11  Marine x2  
  46  6:20  Starport Reactor  
  46  6:28  Marine, Widow Mine x2  
  46  6:29  Marine  
  52  6:49  Widow Mine  
  56  7:08  Widow Mine  
  56  7:11  Widow Mine  
  58  7:17  Terran Infantry Armor Level 1  
  58  7:18  Supply Depot  
  58  7:19  Supply Depot  
  58  7:21  Supply Depot  
  58  7:25  Liberator  
  58  7:26  Liberator  
  63  7:30  Widow Mine  
  66  8:08  Liberator x2  
  66  8:21  Widow Mine  
  66  8:22  Widow Mine  
  76  8:43  Widow Mine x2  
  80  9:04  Widow Mine x2  
  84  9:11  Hi-Sec Auto Tracking  
  81  9:26  Widow Mine x2  
  82  9:46  Viking x2  
  86  10:24  Viking x2  
  90  10:54  Viking x2  
  94  11:19  Starport  
  94  11:24  Viking x2  
  98  11:26  Command Center  
  98  11:29  Starport  
  98  11:39  Command Center  
  98  12:17  Starport Reactor x2  
  98  12:33  Widow Mine x2  
  102  12:40  Orbital Command  
  102  12:47  Viking x2  
  106  12:53  Orbital Command  
  106  12:54  Widow Mine x2  
  108  13:17  SCV  
  109  13:29  SCV  
  109  13:30  Missile Turret  
  110  13:37  SCV  
  110  13:41  SCV  
  112  13:49  SCV  
  112  13:53  SCV, Missile Turret  
  114  14:02  SCV  
  115  14:05  SCV  
  116  14:14  SCV  
  117  14:17  SCV  
  118  14:26  SCV  
  119  14:35  SCV  
  119  14:38  SCV  
  121  14:47  SCV  
  121  14:48  Refinery x2  
  121  14:50  SCV  
  121  14:52  Refinery  
  123  14:53  Refinery  
  123  14:59  SCV  
  124  15:02  SCV  
  124  15:06  Missile Turret  
  125  15:08  Missile Turret  
  125  15:11  SCV  
  125  15:13  Viking x2  
  130  15:24  SCV  
  130  15:26  Missile Turret  
  131  15:32  Missile Turret  
  131  15:43  Viking x2  
  131  15:48  Missile Turret x2  
  131  15:49  Missile Turret  
  135  15:53  Missile Turret  
  135  15:56  Missile Turret x2  
  133  15:58  Missile Turret  
  133  16:07  Missile Turret x2  
  133  16:12  Missile Turret x2, Viking  
  133  16:13  Missile Turret, Viking  
  133  16:16  Missile Turret  
  137  16:45  Missile Turret  
  137  16:48  Widow Mine x2  
  137  16:49  Missile Turret  
  137  17:09  Widow Mine x2  
  141  17:26  Supply Depot x2  
  141  17:28  Supply Depot x2  
  141  17:47  SCV  
  142  17:59  Viking x2  
  142  18:00  SCV  
  147  18:12  SCV  
  128  18:24  SCV  
  129  18:29  Viking x2  
  129  18:33  Missile Turret x2  
  133  18:34  Missile Turret  
  133  18:35  Missile Turret x2  
  133  18:36  SCV  
  134  18:54  Missile Turret x2  
  132  18:55  Missile Turret  
  132  18:58  Missile Turret x2  
  132  18:59  Viking x2  
  132  19:01  Missile Turret  
  134  19:16  Missile Turret x2  
  130  19:20  Missile Turret  
  130  19:22  Missile Turret  
  130  19:29  Viking x2  
  134  19:40  Missile Turret  
  130  19:59  Viking x2  
  42  23:02  Command Center  
  30  23:33  Command Center  
  30  24:05  Command Center  
  28  25:12  Command Center  
  28  25:21  Engineering Bay  
  12  25:59  Command Center  
Show
View Real Time Build Order
Export as new Build Order

Smileblind Protoss - Winner!

Build Orders: Carriers 

Get SALT Encoding   

  12  0:01  Probe  
  13  0:13  Probe  
  14  0:24  Probe, Pylon  
  15  0:38  Probe  
  16  0:49  Gateway, Probe  
  17  0:57  Assimilator  
  17  1:01  Probe  
  17  1:04  Pylon  
  18  1:14  Probe  
  18  1:15  Forge  
  19  1:33  Gateway  
  19  1:35  Zealot  
  19  1:39  Cybernetics Core  
  21  1:56  Probe  
  21  2:00  Photon Cannon  
  22  2:10  Warp Gate  
  22  2:15  Pylon  
  22  2:22  Stalker  
  24  2:38  Gateway  
  24  2:45  Gateway  
  24  2:48  Gateway  
  24  3:07  Protoss Ground Armor Level 1  
  24  3:12  Photon Cannon  
  24  3:18  Assimilator  
  24  3:20  Adept  
  24  3:21  Adept  
  28  3:36  Adept  
  28  3:40  Shield Battery  
  30  3:44  Probe  
  31  3:56  Probe  
  31  3:58  Pylon  
  32  4:03  Adept  
  32  4:08  Probe  
  35  4:17  Sentry  
  35  4:19  Stalker  
  35  4:21  Zealot  
  41  4:47  Nexus  
  41  4:56  Pylon  
  41  4:58  Sentry  
  43  5:01  Zealot  
  45  5:17  Twilight Council  
  45  5:24  Robotics Facility, Probe  
  46  5:41  Charge  
  46  5:58  Probe  
  47  6:07  Probe  
  47  6:10  Assimilator  
  48  6:15  Assimilator, Probe  
  48  6:17  Immortal  
  52  6:23  Zealot  
  52  6:25  Probe  
  56  6:37  Probe  
  57  6:40  Robotics Bay  
  57  6:49  Probe  
  58  6:56  Stargate  
  58  7:01  Probe  
  58  7:05  Dark Shrine  
  59  7:11  Probe  
  60  7:19  Probe  
  60  7:23  Extended Thermal Lance  
  60  7:28  Probe  
  65  7:33  Colossus  
  62  7:40  Probe  
  69  7:52  Probe  
  70  8:03  Pylon  
  70  8:06  Pylon  
  70  8:17  Probe  
  70  8:20  Pylon  
  70  8:21  Oracle  
  74  8:29  Dark Templar x2, Probe  
  79  8:41  Probe  
  80  8:51  Nexus  
  80  8:53  Probe  
  81  8:56  Dark Templar  
  79  9:05  Probe  
  68  9:11  Stalker x2  
  61  9:26  Stalker  
  59  9:34  Stalker  
  57  9:43  Probe  
  58  9:51  Probe  
  58  9:59  Probe  
  60  10:09  Stalker, Probe  
  60  10:10  Probe  
  64  10:18  Probe  
  64  10:21  Probe  
  64  10:27  Probe  
  66  10:34  Probe  
  66  10:35  Probe  
  69  10:43  Probe x2  
  71  10:51  Probe  
  71  10:52  Probe x2  
  74  11:00  Probe  
  75  11:04  Probe  
  75  11:07  Gateway  
  75  11:10  Gateway  
  76  11:16  Probe  
  74  11:28  Probe  
  74  11:29  Colossus  
  74  11:31  Dark Templar x3  
  74  11:32  Dark Templar  
  83  11:40  Probe  
  90  11:52  Gateway  
  90  11:54  Probe  
  90  11:56  Gateway  
  91  12:02  Probe  
  92  12:11  Fleet Beacon, Probe  
  93  12:19  Assimilator, Probe  
  93  12:23  Assimilator  
  94  12:30  Probe  
  94  12:31  Photon Cannon  
  95  12:38  Pylon  
  95  12:39  Colossus  
  95  12:40  Pylon  
  95  12:41  Protoss Ground Armor Level 2  
  95  12:42  Probe  
  102  12:53  Shield Battery  
  102  12:56  Shield Battery  
  102  13:04  Protoss Air Weapons Level 1, Probe  
  102  13:12  Probe  
  103  13:19  Mothership  
  104  13:21  Probe, Zealot x2  
  104  13:24  Photon Cannon  
  104  13:27  Photon Cannon  
  109  13:33  Probe  
  118  13:46  Probe  
  118  13:47  Zealot x3  
  125  13:59  Pylon  
  125  14:01  Pylon  
  125  14:07  Carrier  
  125  14:09  Pylon  
  125  14:10  Pylon  
  125  14:13  Probe  
  125  14:15  Colossus  
  125  14:22  Probe  
  139  14:35  Probe  
  140  14:40  Protoss Ground Armor Level 3  
  140  14:47  Probe  
  140  14:49  Stargate  
  141  14:53  Protoss Air Weapons Level 2  
  141  15:06  Colossus  
  141  15:12  Carrier  
  141  15:13  Stargate  
  153  15:24  Zealot x2  
  157  15:35  Pylon  
  157  15:38  Pylon  
  156  16:00  Colossus  
  162  16:11  Robotics Facility  
  162  16:29  Carrier  
  168  16:39  Carrier  
  169  17:08  Dark Templar x2  
  171  17:34  Carrier  
  171  17:43  Zealot  
  173  17:51  Pylon  
  173  17:52  Pylon  
  173  17:55  Pylon  
  173  17:58  Pylon  
  173  18:00  Pylon  
  173  18:09  Colossus  
  173  18:10  Carrier, Colossus  
  173  18:11  Carrier  
  175  18:38  Carrier  
  177  19:02  Colossus  
  177  19:03  Colossus  
  189  19:14  Carrier  
  195  19:24  Nexus  
  133  20:34  Carrier x2  
  139  21:30  Dark Templar x4  
  139  21:31  Dark Templar x3  
  145  21:38  Carrier x2  
  95  23:19  Zealot x4  
  103  23:20  Zealot  
  103  23:21  Zealot x2  
  106  23:43  Tempest  
  106  23:46  Zealot x3  
  117  24:16  Pylon  
  117  24:18  Pylon  
  117  24:20  Pylon  
  117  24:22  Pylon  
  117  24:27  Pylon  
  117  24:29  Pylon  
  117  24:31  Pylon  
  117  24:34  Tempest  
  128  24:38  Carrier  
  128  25:17  Tempest  
  133  25:42  Carrier  
  139  25:59  Tempest  
  147  26:56  Zealot x2  
  147  26:57  Zealot x2  
  155  27:03  Archon x2  
  155  27:06  Archon  
Tags
 
Composition
Carriers
Matchup
PvT
Spawn Locations
Cross Positions
Add a new tag
Caveats
  • Supply blocks, unpowered buildings, or Contaminate may cause inaccurate times.
  • Supply counts are checked every 10 seconds.